 Dungeon Crawl Stone Soup version 0.25-a0-503-ge281fa673e (webtiles) character file.

Game seed: 6748861884016229105, levelgen mode: deterministic

36 drasked the Magician (level 3, -2/24 HPs)
             Began as a Mummy Wizard on Feb 13, 2020.
             Slain by an iguana (10 damage)
             ... on level 4 of the Dungeon.
             The game lasted 00:04:21 (1252 turns).

drasked the Magician (Mummy Wizard)                 Turns: 1252, Time: 00:04:21

Health: -2/24      AC:  2    Str: 10    XL:     3   Next: 19%
Magic:  2/8        EV: 12    Int: 18    God:
Gold:   48         SH:  0    Dex: 10    Spells: 3/10 levels left

rFire    x . .     SeeInvis .   d - +0 club
rCold    + . .     Gourm    .   (no shield)
rNeg     + + +     Faith    .   a - +0 robe
rPois    ∞         Spirit   .   b - +0 hat
rElec    .         Reflect  .   (no cloak)
rCorr    .         Harm     .   (no gloves)
MR       .....                  (no boots)
Stlth    ++........             (no amulet)
HPRegen  0.08/turn              (no ring)
MPRegen  0.11/turn              (no ring)

@: very slightly contaminated
A: no food or potions, fire vulnerability, cold resistance 1, negative energy
resistance 3, torment resistance, unbreathing
a: no special abilities


You were on level 4 of the Dungeon.
You were not hungry.

You visited 1 branch of the dungeon, and saw 4 of its levels.

You collected 48 gold pieces.

Inventory:

Hand Weapons
 d - a +0 club (weapon)
   (You took it off a hobgoblin on level 1 of the Dungeon)
Missiles
 Q - 63 stones (quivered)
Armour
 a - a +0 robe (worn)
 b - a +0 hat (worn)
Scrolls
 c - 2 scrolls of magic mapping {unknown}
 e - 2 scrolls of identify {unknown}
 f - a scroll of random uselessness {unknown}
 g - a scroll of remove curse {unknown}
 h - a scroll of teleportation {unknown}


   Skills:
 - Level 1.5 Dodging
 - Level 1.5 Stealth
 - Level 4.0 Spellcasting
 + Level 2.6 Conjurations
   Level 0.7 Summonings
   Level 0.7 Translocations


You had 3 spell levels left.
You knew the following spells:

 Your Spells              Type           Power        Failure   Level  Hunger
a - Magic Dart            Conj           ##..         4%          1    N/A
c - Conjure Flame         Conj/Fire      #.......     26%         3    N/A
x - Mephitic Cloud        Conj/Pois/Air  #.......     30%         3    N/A

Your spell library contained the following spells:

 Spells                   Type           Power        Failure   Level  Hunger
 Blink                    Tloc           N/A          17%         2    N/A
 Call Imp                 Summ           #.......     17%         2    N/A
 Slow                     Hex            #.......     22%         2    N/A

Dungeon Overview and Level Annotations

Branches:
Dungeon (5/15)
 Temple: D:4-7

Altars:


Innate Abilities, Weirdness & Mutations

You do not eat or drink.
Your flesh is vulnerable to fire.
You are immune to poison.
Your flesh is cold resistant. (rC+)
You are immune to negative energy. (rN+++)
You are immune to unholy pain and torment.
You can survive without breathing.


Message History

The magic dart hits the worm but does no damage.
* * * LOW MAGIC WARNING * * *
Aim: a worm (lightly wounded)
The magic dart hits the worm.
* * * LOW MAGIC WARNING * * *
Aim: a worm (lightly wounded)
The magic dart hits the worm.
* * * LOW MAGIC WARNING * * *
Aim: a worm (lightly wounded)
The magic dart hits the worm but does no damage.
* * * LOW MAGIC WARNING * * *
You see here a +0 short sword.
Your magical contamination has completely faded away.
There is a stone staircase leading up here.
Aim: a worm The magic dart hits the worm.
* * * LOW MAGIC WARNING * * *
There is a stone staircase leading up here.
You climb upwards.
There is a stone staircase leading down here.
There is an open door here.
There is an open door here.
There is a stone staircase leading down here.
You climb downwards.
Found a stone staircase leading down.
There is a stone staircase leading up here.
You start resting.
A worm comes into view.
Aim: a worm (resting)
You miscast Magic Dart.
You are very lightly contaminated with residual magic.
Nothing appears to happen.
Aim: a worm (resting)
The magic dart hits the worm.
Aim: a worm The magic dart hits the worm.
Aim: a worm (lightly wounded)
The magic dart hits the worm.
Aim: a worm (moderately wounded)
The magic dart hits the worm.
Aim: a worm (moderately wounded)
The magic dart hits the worm.
* * * LOW MAGIC WARNING * * *
You don't know that spell.
The fire begins to smolder!
* * * LOW MAGIC WARNING * * *
The fire ignites!
There is a stone staircase leading up here.
A kobold comes into view.
Your magical contamination has completely faded away.
There is a stone staircase leading up here.
You start resting.
There is a stone staircase leading down here.
Found a stone staircase leading down.
h - a scroll labeled USYQODI UHEU A scorpion comes into view.
The scorpion moves out of view.
The scorpion is too close now for your liking.
Aim: a scorpion The magic dart hits the scorpion but does no damage.
A quokka comes into view.
A hobgoblin comes into view.
Okay, then.
You miscast Conjure Flame.
You are very lightly contaminated with residual magic.
Wisps of smoke drift from your hands.
The hobgoblin shouts!
The quokka twitches its whiskers.
A kobold comes into view.
You fall into a shaft and drop 2 floors!
The shaft crumbles and collapses.
An iguana comes into view.
The iguana hisses angrily.
Found 13 bolts.
Found an escape hatch in the floor.
Aim: an iguana The magic dart hits the iguana but does no damage.
The iguana hisses menacingly.
Found a robe.
Found a stone staircase leading down.
Aim: an iguana The magic dart hits the iguana.
The iguana completely misses you.
Aim: an iguana (lightly wounded)
The magic dart hits the iguana.
* * * LOW MAGIC WARNING * * *
The iguana bites you.
Aim: an iguana (lightly wounded)
The magic dart hits the iguana.
* * * LOW MAGIC WARNING * * *
The iguana bites you!
* * * LOW HITPOINT WARNING * * *
A frilled lizard comes into view.
The frilled lizard hisses angrily.
There is a stone staircase leading down here.
The iguana closely misses you.
You climb downwards. 3 jackals, a crimson imp and a skeleton come into view.
The jackal barks! x2; The crimson imp shouts!
The jackal barks!
There is a stone staircase leading up here.
The jackal bites you.
* * * LOW HITPOINT WARNING * * *
You climb upwards.
The frilled lizard barely misses you. The iguana bites you!
You die...

## ..##.
#....####
#..(....## .....
#..l#l...# ..[...
#..#@...##
......###.#hl...#
......#.).....###
....(.##...#.##
..........### #
..#.......# #. ##
#.#.....#
...#.##..##..##
#..>.....##..#


You could see an iguana, a jackal and a frilled lizard.

Levels and vault maps discovered:
D:1:      evilmike_arrival_crescent, layout_basic
D:2:      minmay_inner_zag, layout_loops_ring, old_standard_altar,
          serial_forest, infiniplex_forest_3_way,
          infiniplex_forest_clump_diagonal, infiniplex_forest_lined_3,
          infiniplex_forest_lined_corner, infiniplex_forest_split,
          infiniplex_forest_straight_1
D:4:      layout_cave_pools, kennysheep_little_box
D:5:      layout_basic, kennysheep_mini_moat, minmay_temple_entry_fiery

Notes
Turn   | Place    | Note
-------+----------+-------------------------------------------
     0 | D:1      | drasked the Mummy Wizard began the quest for the Orb.
     0 | D:1      | Reached XP level 1. HP: 13/13 MP: 5/5
    35 | D:1      | Identified a +0 club
    38 | D:1      | Reached skill level 1 in Conjurations
   192 | D:1      | Identified a +0 whip
   238 | D:1      | Reached XP level 2. HP: 18/19 MP: 0/7
   462 | D:1      | Identified a +0 dagger
   479 | D:1      | Reached skill level 2 in Conjurations
   822 | D:1      | Reached XP level 3. HP: 24/24 MP: 5/8
   852 | D:1      | Learned a level 3 spell: Mephitic Cloud
   856 | D:1      | Learned a level 3 spell: Conjure Flame
   880 | D:1      | Identified a +0 club
   968 | D:2      | Identified a +0 short sword
   969 | D:2      | Identified a +0 short sword
  1025 | D:2      | Identified a +0 club
  1227 | D:2      | Noticed a scorpion
  1234 | D:2      | You fall into a shaft and drop 2 floors!
  1250 | D:5      | Entered Level 5 of the Dungeon
  1252 | D:4      | Slain by an iguana

Table legend:
 A = Turns spent in this place as a percentage of turns spent in the entire game.
 B = Non-inter-level travel turns spent in this place as a percentage of non-inter-level travel turns spent in the entire game.
 C = Inter-level travel turns spent in this place as a percentage of turns spent in this place.
 D = Turns resting spent in this place as a percentage of non-inter-level travel turns spent in this place.
 E = Turns spent auto-exploring this place as a percentage of non-inter-level travel turns spent in this place.
 F = Non-inter-level travel turns spent in this place divided by the number of levels of this place that you've seen.
                   A       B       C       D       E      F
               +-------+-------+-------+-------+-------+----------------------
         Total | 100.0 | 100.0 |   5.7 |  44.1 |  33.3 | 295.2
       Dungeon | 100.0 | 100.0 |   5.7 |  44.1 |  33.3 | 295.2
               +-------+-------+-------+-------+-------+----------------------

Table legend:
 A = Kills in this place as a percentage of kills in entire the game.
 B = Kills by you in this place as a percentage of kills by you in the entire game.
 C = Kills by friends in this place as a percentage of kills by friends in the entire game.
 D = Other kills in this place as a percentage of other kills in the entire game.
 E = Experience gained in this place as a percentage of experience gained in the entire game.
 F = Experience gained in this place divided by the number of levels of this place that you have seen.
                   A       B       C       D       E      F
               +-------+-------+-------+-------+-------+----------------------
         Total | 100.0 | 100.0 |   N/A |   N/A | 100.0 |  13.0
       Dungeon | 100.0 | 100.0 |   N/A |   N/A | 100.0 |  13.0
               +-------+-------+-------+-------+-------+----------------------

Skill      XL: |  1  2 |
---------------+-------+-----
Conjurations   | 1 2 |  2.6
Dodging        | |  1.5
Stealth        | |  1.5
Spellcasting   | |  4.0
Summonings     | |  0.7
Translocations | |  0.7

Action                   || total
-------------------------++-------
 Cast: Magic Dart        ||    71
       Conjure Flame     ||     1
Armor: Robe              ||     1
Dodge: Dodged            ||    10

Vanquished Creatures
  2 oozes (D:1)
  2 dart slugs (D:1)
  A ball python (D:1)
  2 giant cockroaches (D:1)
  A goblin (D:1)
  3 hobgoblins
  5 kobolds
  A bat (D:1)
  4 frilled lizards (D:1)
  3 rats (D:1)
24 creatures vanquished.
